 Dungeon Crawl Stone Soup version 0.21-a0-84-g85d6d27 (webtiles) character file.

101 Lianjan the Chucker (level 4, 0/44 HPs)
             Began as an Ogre Hunter on June 27, 2017.
             Was a Follower of Cheibriados.
             Slain by an adder (2 damage)
             ... on level 3 of the Dungeon.
             The game lasted 00:05:39 (2892 turns).

Lianjan the Chucker (Ogre Hunter)                   Turns: 2892, Time: 00:05:41

Health: 0/44       AC:  3    Str: 19    XL:     4   Next: 75%
Magic:  5/5        EV: 10    Int: 16    God:    Cheibriados [*.....]
Gold:   126        SH:  0    Dex: 12    Spells: 3/3 levels left

rFire    . . .     SeeInvis .   a - +0 mace
rCold    . . .     Gourm    .   (no shield)
rNeg     . . .     Faith    .   k - +0 robe
rPois    .         Spirit   .   (helmet restricted)
rElec    .         Reflect  .   (no cloak)
rCorr    .         Harm     .   (gloves unavailable)
MR       .....                  (boots unavailable)
Stlth    +.........             (no amulet)
HPRegen  0.14/turn              (no ring)
MPRegen  0.09/turn              (no ring)

@: lethally poisoned (0 -> -8), very slow
A: unfitting armour, tough skin 1
a: Bend Time, Renounce Religion


You were on level 3 of the Dungeon.
You worshipped Cheibriados.
Cheibriados was aware of your devotion.
You were not hungry.

You visited 1 branch of the dungeon, and saw 3 of its levels.

You collected 126 gold pieces.

Inventory:

Hand Weapons
 a - a +0 mace (weapon)
 b - a +0 blowgun
Missiles
 c - a large rock (quivered)
 d - 2 throwing nets
 j - 94 stones
 r - 16 poisoned needles
 x - 3 tomahawks
Armour
 k - a +0 robe (worn)
Jewellery
 h - an uncursed ring of protection from cold {unknown}
Scrolls
 g - 3 scrolls of identify {unknown}
 n - a scroll of fog {unknown}
 o - a scroll of teleportation {unknown}
 q - a scroll of remove curse {unknown}
 s - 2 scrolls of enchant weapon {unknown}
 u - a scroll of random uselessness {unknown}
Potions
 e - 3 potions of heal wounds {unknown}
 i - a potion of curing {unknown}
 p - a potion of resistance {unknown}
 v - a potion of brilliance {unknown}
Comestibles
 f - 3 bread rations
 l - a royal jelly
 m - a meat ration
 t - 3 fruits
 w - 5 chunks of flesh


   Skills:
 - Level 2.6 Fighting
 + Level 1.6 Maces & Flails
 + Level 4.8 Throwing
 - Level 1.7 Dodging
 - Level 0.6 Stealth
 + Level 2.5 Invocations


You had 3 spell levels left.
You didn't know any spells.

Dungeon Overview and Level Annotations

Branches:
Dungeon (3/15)

Altars:
Cheibriados
Kikubaaqudgha
Zin


Innate Abilities, Weirdness & Mutations

You are too large for most types of armour.
You have tough skin. (AC +1)


Message History

The adder barely misses you. The adder bites you.
* * * LOW HITPOINT WARNING * * *
Throwing (i - inventory. (,) - cycle):
c - 3 large rocks (quivered)
Press: ? - help, Shift-Dir - straight line, f/p - adder
Aim: an adder (severely wounded)
You throw a large rock. The large rock barely misses the adder.
You feel sick. The adder barely misses you. The adder bites you.
* * * LOW HITPOINT WARNING * * *
You are lethally poisoned!
The adder poisons you!
Throwing (i - inventory. (,) - cycle):
c - 2 large rocks (quivered)
Press: ? - help, Shift-Dir - straight line, f/p - adder
Aim: an adder (severely wounded)
You throw a large rock.
The large rock closely misses the adder.
* * * LOW HITPOINT WARNING * * *
You feel sick. The adder bites you.
* * * LOW HITPOINT WARNING * * *
The adder bites you but does no damage. The adder bites you.
You die...

.# #.$.# .. #._(# .######
#..(# ..#...# #...#####
#.#...# #........ #.#...#
#........ #.#...##
#.(...... #.....##.###@#
##....##...S.#
#.#+###(.##.# # ####...#
#.....##.# ### #......#
#........# ..#
####.#.####..##.#### .#
###.#
#....#.............####.#
....#
#....##†###..#####.#.##.#
#.#.# ##..<.##.# #.
#.#....# #.#.#


You could see an adder.

Vanquished Creatures
  3 adders
  3 oozes
  3 dart slugs
  An orc (D:3)
  4 bats
  4 giant cockroaches (D:1)
  9 goblins
  7 hobgoblins
  3 quokkas
  3 frilled lizards
  6 kobolds
  6 rats
52 creatures vanquished.

Notes
Turn   | Place    | Note
-------+----------+-------------------------------------------
     0 | D:1      | Lianjan the Ogre Hunter began the quest for the Orb.
     0 | D:1      | Reached XP level 1. HP: 22/22 MP: 1/1
   252 | D:1      | You fall through a shaft!
   256 | D:2      | Reached XP level 2. HP: 26/29 MP: 2/2
   348 | D:2      | Found a snail-covered altar of Cheibriados.
   357 | D:2      | Found a glowing silver altar of Zin.
   359 | D:2      | Became a worshipper of Cheibriados the Contemplative
   696 | D:1      | Reached XP level 3. HP: 8/36 MP: 3/3
  1196 | D:1      | Reached skill level 1 in Invocations
  1323 | D:1      | Reached skill level 1 in Maces & Flails
  1475 | D:1      | Reached * piety under Cheibriados
  1867 | D:2      | Reached XP level 4. HP: 36/44 MP: 5/5
  2780 | D:3      | Found an ancient bone altar of Kikubaaqudgha.
  2892 | D:3      | HP: 2/44 [adder (4)]
  2892 | D:3      | Slain by an adder

Vault maps used:
D:1:      co_arrival_two_rings, minmay_misc_feat_ornament
D:2:      grunt_temple_overflow_open, first_bread, minmay_liquid_box,
          grunt_ministairs_2
D:3:      makhleb_blood_cavern_becter, tgw_kikubaaqudgha

Skill      XL: |  1  2  3  4 |
---------------+-------------+-----
Invocations    | 1 2 |  2.5
Maces & Flails | 1 |  1.6
Fighting       | |  2.6
Throwing       | |  4.8
Dodging        | |  1.7
Stealth        | |  0.6

Action                   |  1- 3 |  4- 6 || total
-------------------------+-------+-------++-------
Melee: Short sword       |    26 |       ||    26
       Club              |   115 |       ||   115
       Mace              |    13 |    60 ||    73
 Fire: Blowgun           |       |    17 ||    17
Throw: Large rock        |     4 |     4 ||     8
 Stab: Sleeping          |     1 |       ||     1
  Eat: Chunk             |     3 |     1 ||     4
Armor: Robe              |    54 |    12 ||    66
Dodge: Dodged            |    95 |    42 ||   137
